 Dungeon Crawl Stone Soup version 0.31-a0-7-g51783674b7 (webtiles) character file.

Game seed: 3627130295872942006

16 Kuronicle the Trooper (level 2, 32/32 HPs)
             Began as an Ogre Monk on May 5, 2023.
             Quit the game on level 1 of the Dungeon.
             The game lasted 00:01:53 (448 turns).

Kuronicle the Trooper (Ogre Monk)                    Turns: 448, Time: 00:01:53

Health: 32/32      AC:  3    Str: 14    XL:     2   Next: 54%
Magic:  2/2        EV: 10    Int: 11    God:
Gold:   26         SH:  0    Dex: 11    Spells: 1/1 levels left

rFire   . . .        e - +0 trident
rCold   . . .        d - orb {light}
rNeg    . . .        b - +0 robe
rPois   .            (helmet restricted)
rElec   .            (no cloak)
rCorr   .            (gloves unavailable)
SInv    .            (boots unavailable)
Will    .....        (no amulet)
Stlth   +            (no ring)
HPRegen 0.25/turn    (no ring)
MPRegen 0.08/turn

%: no passive effects
@: glowing
A: large, unfitting armour, tough skin 1
a: no special abilities


You were on level 1 of the Dungeon.
You visited 1 branch of the dungeon, and saw 1 of its levels.

You collected 26 gold pieces.

Inventory:

Hand Weapons
 a - a +0 hand axe
 e - a +0 trident (weapon)
Armour
 b - a +0 robe (worn)
 d - an orb of light (worn)
Scrolls
 f - a scroll of identify {unknown}
Potions
 c - a potion of ambrosia
 g - 4 potions of curing {unknown}


   Skills:
 + Level 4.2 Fighting
 - Level 3.0 Axes
 * Level 0.9(2.1) Polearms
 * Level 0.4 Armour
 + Level 3.0 Dodging


You had one spell level left.
You didn't know any spells.
Your spell library contained the following spells:

 Spells                   Type           Power      Damage    Failure   Level
 Magic Dart               Conj           0%         1d3       34%         1
 Searing Ray              Conj           0%         2d4       47%         2
 Fulminant Prism          Conj/Hex       0%         3d5       98%         4
 Passage of Golubria      Tloc           0%         N/A       98%         4
 Silence                  Hex/Air        0%         N/A       100%        5
 Lehudib's Crystal Spear  Conj/Erth      0%         10d2      100%        8


Dungeon Overview and Level Annotations

Branches:
Dungeon (1/15)

Altars:

Shops:
D:1 *


Innate Abilities, Weirdness & Mutations

You are too large for most types of armour.
You have tough skin. (AC +1)


Message History

a +0 club; a kobold corpse You completely miss the hobgoblin.
The hobgoblin barely misses you.
You hit the hobgoblin.
The hobgoblin is heavily wounded.
The hobgoblin hits you.
You hit the hobgoblin but do no damage.
The hobgoblin is heavily wounded.
The hobgoblin hits you.
You puncture the hobgoblin!
You kill the hobgoblin!
A rat comes into view.
Things that are here:
a +0 club; a kobold corpse You barely miss the rat.
The rat bites you.
You hit the rat.
You kill the rat!
You see here a rat corpse.
You see here a rat corpse.
You now have 26 gold pieces (gained 13).
A ball python and a rat come into view.
Found 2 metallic emerald potions.
The ball python hisses angrily.
The rat moves out of view.
You see here a book of the Moon.
A ball python is nearby!
The ball python closely misses you.
The ball python bites you but does no damage.
The ball python bites you.
You barely miss the ball python. The ball python closely misses you.
You hit the ball python but do no damage.
The ball python bites you.
You puncture the ball python!
You kill the ball python!
You hit the rat.
You kill the rat!
You pick up a book of the Moon and begin reading...
You add the spells Passage of Golubria, Silence and Lehudib's Crystal Spear to your library.
Unknown command.
Unknown command.
Are you sure you want to abandon this character and quit the game? (Confirm with "yes".)

#..... .............
#..... .!..........#
#..... ............#
#....> ............#
###..... ..........#
#.#.....
........######.#..)..
#†###..........†....
#..@................
#############.#.#.##
#.....#.#.#
#.#####[#.# #.#
#.#.## #.# #.#... #.#
#.#### #.#####.#
#.......#


There were no monsters in sight!

Vanquished Creatures
  An endoplasm (D:1)
  A giant cockroach (D:1)
  2 goblins (D:1)
  2 hobgoblins (D:1)
  3 ball pythons (D:1)
  A frilled lizard (D:1)
  A kobold (D:1)
  5 rats (D:1)
16 creatures vanquished.

Notes
Turn   | Place    | Note
-------+----------+-------------------------------------------
     0 | D:1      | Kuronicle the Ogre Monk began the quest for the Orb.
     0 | D:1      | Reached XP level 1. HP: 24/24 MP: 1/1
   217 | D:1      | Reached XP level 2. HP: 29/32 MP: 2/2
   272 | D:1      | Found Zouzugh's Assorted Antiques.
   448 | D:1      | Quit the game

Illustrated notes

Levels and vault maps discovered:
D:1:      heliophobic_arrival_dark_side_of_the_moon, layout_basic, serial_shops,
          nicolae_shop_rolling_square

Skill      XL: |  1 |
---------------+----+-----
Dodging        | 3 |  3.0
Fighting       | |  4.2
Axes           | |  3.0
Polearms       | |  0.9
Armour         | |  0.4

Action                     || total
---------------------------++-------
  Melee: Trident           ||    28
 Armour: Robe              ||     8
  Dodge: Dodged            ||    12

Table legend: (Time is in decaauts)
 A = Elapsed time spent in this place.
 B = Non-inter-level travel time spent in this place.
 C = Inter-level travel time spent in this place.
 D = Time resting spent in this place.
 E = Time spent auto-exploring this place.
 F = Levels seen in this place.
 G = Mean time per level.
                   A        B        C        D        E       F      G
               +--------+--------+--------+--------+--------+-----+--------+
         Total |    453 |    453 |      0 |      0 |    273 |   1 |  453.0 |
       Dungeon |    453 |    453 |      0 |      0 |    273 |   1 |  453.0 |
               +--------+--------+--------+--------+--------+-----+--------+

Top non-repeatable levels by time:
     D:1: 453 daAuts
